 Dungeon Crawl Stone Soup version 0.22-a0-32-ga749362 (webtiles) character file.

338 Gorglomux the Covert (level 6, -1/28 HPs)
             Began as a Spriggan Enchanter on Jan 3, 2018.
             Slain by a hobgoblin
             ... wielding a +0 club
             ... led by Robin
              (7 damage)
             ... on level 3 of the Dungeon.
             The game lasted 00:04:14 (2358 turns).

Gorglomux the Covert (Spriggan Enchanter)           Turns: 2358, Time: 00:04:15

Health: -1/28      AC:  2    Str:  4    XL:     6   Next: 29%
Magic:  11/11      EV: 18    Int: 19    God:
Gold:   133        SH:  0    Dex: 16    Spells: 4/10 levels left

rFire    . . .     SeeInvis +   J - +1 dagger (speed)
rCold    . . .     Gourm    .   (shield restricted)
rNeg     . . .     Faith    .   b - +0 robe
rPois    .         Spirit   .   (helmet restricted)
rElec    .         Reflect  .   (no cloak)
rCorr    .         Harm     .   (gloves unavailable)
MR       +....                  (boots unavailable)
Stlth    ++++......             (no amulet)
HPRegen  0.09/turn              (no ring)
MPRegen  0.12/turn              (no ring)

@: very quick
A: very small, unfitting armour, see invisible, herbivore, speed 3, slow
metabolism 2
a: no special abilities


You were on level 3 of the Dungeon.
You were not hungry.

You visited 1 branch of the dungeon, and saw 3 of its levels.

You collected 133 gold pieces.

Inventory:

Hand Weapons
 a - a +1 dagger
 J - a +1 dagger of speed (weapon)
Armour
 b - a +0 robe (worn)
Jewellery
 L - an uncursed amulet of regeneration {unknown}
Wands
 I - a wand of iceblast (9)
Scrolls
 h - 2 scrolls of identify {unknown}
 j - a scroll of teleportation {unknown}
 k - a scroll of noise {unknown}
 l - a scroll of enchant weapon {unknown}
 m - a scroll of amnesia {unknown}
Potions
 e - a potion of cancellation {unknown}
 f - 2 potions of heal wounds {unknown}
 g - a potion of might {unknown}
 i - 2 potions of curing {unknown}
 n - a potion of mutation {unknown}
 o - 2 potions of haste {unknown}
 K - 2 potions of berserk rage {unknown}
Books
 c - a book of Maledictions

   Spells                             Type                      Level
   a - Corona                         Hexes                        1
   b - Ensorcelled Hibernation        Hexes/Ice                    2
   c - Confuse                        Hexes                        3
   d - Tukima's Dance                 Hexes                        3
   e - Dazzling Spray                 Conjuration/Hexes            3
Comestibles
 d - 3 rations


   Skills:
 + Level 5.0 Short Blades
 - Level 3.0 Dodging
 + Level 8.4 Stealth
 - Level 2.6 Spellcasting
 - Level 3.6 Hexes


You had 4 spell levels left.
You knew the following spells:

 Your Spells              Type           Power        Failure   Level  Hunger
a - Corona                Hex            ###....      3%          1    None
x - Confuse               Hex            ###.....     11%         3    ###....
z - Ensorcelled Hibernat  Hex/Ice        #.....       12%         2    ##.....


Dungeon Overview and Level Annotations

Branches:
Dungeon (3/15)

Altars:

Annotations:
D:3 Robin


Innate Abilities, Weirdness & Mutations

You are very small and have problems with some larger weapons.
You are too small for most types of armour.
You have supernaturally acute eyesight. (SInv)
You are a herbivore.
You cover ground extremely quickly.
You need consume almost no food.


Message History

Aiming: Ensorcelled Hibernation
Press: ? - help, Shift-Dir - straight line, f - butt That would be overly suicidal!
Okay, butt!
You closely miss the goblin!
The goblin is severely wounded!
Robin closely misses you!
The goblin hits you but butts no damage!
The goblin barely misses you! The hobgoblin hits you with a club!
You barely miss the goblin!
The goblin is severely butt!
You stick the goblin like a pincushion!
Butt annihilate the goblin!!!
Robin hits you from afar with a butt!!! * * * don't die
* * * The goblin hits you but does no damage!
There is a stone staircase leading up here!
Butt see here a dagger!
The hobgoblin hits you with a club!!! rip

###........#
##.........<#
............#
............#
............#
#.....gg...#
######gg.g.#
#g###..gg.g..
#@# ###g.....
#.# .g....
#w# ..... #.#
..... #..
.... #.# ....
..# #.#


You could see a worm, Robin, 2 hobgoblins and 2 goblins.

Vanquished Creatures
  Sigmund (D:2)
  An orc priest (D:2)
  A hound (D:1)
  An orc wizard (D:2)
  5 adders (D:2)
  A worm (D:2)
  A dart slug (D:1)
  3 orcs (D:2)
  8 bats
  3 giant cockroaches
  4 goblins
  2 hobgoblins
  2 quokkas
  4 frilled lizards
  A jackal zombie (D:2)
  6 kobolds
  3 rats
47 creatures vanquished.

Notes
Turn   | Place    | Note
-------+----------+-------------------------------------------
     0 | D:1      | Gorglomux the Spriggan Enchanter began the quest for the Orb.
     0 | D:1      | Reached XP level 1. HP: 9/9 MP: 5/5
   399 | D:1      | Reached skill level 5 in Stealth
   399 | D:1      | Reached XP level 2. HP: 7/13 MP: 6/6
   403 | D:1      | Learned a level 2 spell: Ensorcelled Hibernation
   930 | D:1      | Reached skill level 6 in Stealth
   930 | D:1      | Reached XP level 3. HP: 7/16 MP: 0/8
  1110 | D:2      | Reached skill level 3 in Short Blades
  1335 | D:2      | Learned a level 3 spell: Confuse
  1398 | D:2      | Reached XP level 4. HP: 21/21 MP: 5/9
  1515 | D:2      | Noticed Sigmund
  1572 | D:2      | Killed Sigmund
  1572 | D:2      | Reached skill level 8 in Stealth
  1572 | D:2      | Reached XP level 5. HP: 22/24 MP: 2/10
  1575 | D:2      | Reached XP level 6. HP: 26/28 MP: 0/11
  2331 | D:3      | Noticed Robin
  2358 | D:3      | Slain by a hobgoblin

Vault maps used:
D:1:      lemuel_arrival_cross
D:2:      cheibrodos_pilgrimage, st_stairs_11, uniq_sigmund
D:3:      nicolae_ashenzari_panopticon, uniq_robin

Skill      XL: |  1  2  3  4  5  6 |
---------------+-------------------+-----
Stealth        | 5 6 8 |  8.4
Short Blades   | 2 3 4 5 |  5.0
Dodging        | |  3.0
Spellcasting   | |  2.6
Hexes          | |  3.6

Action                   |  1- 3 |  4- 6 || total
-------------------------+-------+-------++-------
Melee: Dagger            |    75 |   128 ||   203
 Cast: Corona            |     4 |       ||     4
       Ensorcelled Hiber |     7 |    11 ||    18
       Confuse           |     1 |     4 ||     5
 Stab: Sleeping          |     9 |    10 ||    19
       Confused          |     1 |     3 ||     4
  Eat: Ration            |       |     1 ||     1
Armor: Robe              |     8 |    12 ||    20
Dodge: Dodged            |    62 |    88 ||   150

Table legend:
 A = Spawn XP
 B = Non-spawn XP
 C = Spawn XP percentage of total XP
 D = Spawn monster count
 E = Non-spawn monster count
 F = Spawn count percentage of total count
 G = Total turns spent on level
                    A         B        C        D         E        F      G
               +---------+---------+-------+---------+---------+-------+---------
         Total |       0 |     483 |   0.0 |       0 |      47 |   0.0 |  2358
               +---------+---------+-------+---------+---------+-------+---------
           D:1 |       0 |      63 |   0.0 |       0 |      15 |   0.0 |  1049
           D:2 |       0 |     414 |   0.0 |       0 |      29 |   0.0 |  1279
           D:3 |       0 |       6 |   0.0 |       0 |       3 |   0.0 |    30
               +---------+---------+-------+---------+---------+-------+---------
